General information
- name: BNet
- type: Ladder team game (AT/RT)
- host: Battle.net
- saver: SELF-MADE-MAN
map: Deadlands
- players: 8
- length: 36:17
- speed: Fast
- version: 1.26 W3XP
- replay type: Public
» download(318 KB)
Players
team 1 (winner)
diu_le (
purple | 239 APM | 8655 actions | 36:16)
6 Warden
3 Shadow Strike
2 Blink
1 Spirit of Vengeance
3 Naga Sea Witch
1 Frost Arrows
2 Forked Lightning
» actions
| Assign group hotkey | 40 | |
| Build / train | 143 | |
| ESC pressed | 27 | |
| Enter build submenu | 43 | |
| Enter hero's abilities submenu | 9 | |
| Give item / drop item | 3 | |
| Right click | 3255 | |
| Select / deselect | 1041 | |
| Select group hotkey | 3721 | |
| Use ability | 373 | |
8655 total
» units
| Wisp | 41 | |
| Archer | 11 | |
| Mountain Giant | 4 | |
| Druid of the Claw | 2 | |
58 total
» upgrades
| Hardened Skin | 1 | |
| Reinforced Hides | 3 | |
| Resistant Skin | 1 | |
| Druid of the Claw Training | 2 | |
| Ultravision | 1 | |
| Mark of the Claw | 1 | |
9 total
» buildings
| Moon Well | 11 | |
| Altar of Elders | 2 | |
| Ancient of War | 1 | |
| Tree of Ages | 4 | |
| Ancient of Wonders | 3 | |
| Tree of Eternity | 2 | |
| Hunter's Hall | 1 | |
| Tree of Life | 11 | |
| Ancient of Lore | 5 | |
| Ancient Protector | 4 | |
44 total
» build order
00:27 Moon Well
00:42 Altar of Elders
00:51 Ancient of War
01:11 Moon Well
02:43 Tree of Ages
02:43 Tree of Ages
02:44 Tree of Ages
03:18 Moon Well
04:00 Ancient of Wonders
04:03 Ancient of Wonders
05:14 Tree of Eternity
05:55 Hunter's Hall
06:00 Tree of Life
07:18 Ancient of Lore
07:23 Ancient of Lore
07:26 Ancient of Lore
07:56 Moon Well
09:06 Ancient Protector
10:55 Ancient of Wonders
10:57 Ancient of Lore
11:18 Ancient of Lore
11:33 Tree of Life
11:40 Moon Well
11:51 Tree of Life
11:52 Tree of Life
17:17 Moon Well
18:35 Tree of Life
25:52 Tree of Life
27:50 Tree of Life
28:29 Ancient Protector
28:30 Ancient Protector
28:34 Ancient Protector
28:53 Tree of Life
31:41 Moon Well
31:56 Tree of Life
32:21 Altar of Elders
32:24 Moon Well
33:16 Tree of Life
33:31 Moon Well
36:00 Moon Well
36:02 Moon Well
36:07 Tree of Life
» items
| Lesser Clarity Potion | 6 | |
| Potion of Mana | 7 | |
| Staff of Preservation | 2 | |
| Moonstone | 1 | |
| Potion of Healing | 9 | |
| Scroll of Town Portal | 7 | |
| Orb of Venom | 1 | |
| Scroll of Protection | 1 | |
| Scroll of Healing | 2 | |
36 total
PulsingHatred (
pink | 43 APM | 1543 actions | 36:16)
7 Death Knight
3 Death Coil
3 Unholy Aura
1 Animate Dead
5 Crypt Lord
3 Impale
2 Spiked Carapace
» actions
| Assign group hotkey | 36 | |
| Build / train | 103 | |
| Enter build submenu | 41 | |
| Enter hero's abilities submenu | 12 | |
| Give item / drop item | 4 | |
| Remove unit from queue | 7 | |
| Right click | 688 | |
| Select / deselect | 310 | |
| Select group hotkey | 249 | |
| Use ability | 93 | |
1543 total
» units
| Acolyte | 15 | |
| Ghoul | 9 | |
| Crypt Fiend | 7 | |
| Frost Wyrm | 3 | |
| Gargoyle | 24 | |
58 total
» upgrades
| Creature Attack | 3 | |
| Creature Carapace | 3 | |
| Freezing Breath | 1 | |
| Web | 1 | |
8 total
» buildings
| Ziggurat | 17 | |
| Crypt | 7 | |
| Altar of Darkness | 2 | |
| Graveyard | 2 | |
| Tomb of Relics | 3 | |
| Halls of the Dead | 2 | |
| Spirit Tower | 5 | |
| Black Citadel | 2 | |
| Sacrificial Pit | 1 | |
| Boneyard | 3 | |
| Necropolis | 1 | |
45 total
» build order
00:37 Ziggurat
00:41 Crypt
00:45 Altar of Darkness
01:05 Ziggurat
01:22 Graveyard
01:34 Tomb of Relics
02:12 Crypt
02:31 Ziggurat
04:25 Halls of the Dead
06:23 Ziggurat
08:48 Spirit Tower
09:20 Black Citadel
11:04 Spirit Tower
11:35 Ziggurat
11:35 Ziggurat
12:27 Sacrificial Pit
12:42 Ziggurat
12:44 Ziggurat
13:02 Tomb of Relics
13:42 Boneyard
13:44 Boneyard
13:49 Boneyard
14:39 Ziggurat
15:26 Spirit Tower
22:46 Crypt
22:54 Crypt
25:55 Necropolis
25:59 Altar of Darkness
26:07 Ziggurat
26:08 Ziggurat
26:10 Ziggurat
26:12 Ziggurat
26:16 Ziggurat
26:21 Ziggurat
26:23 Ziggurat
26:27 Ziggurat
28:01 Halls of the Dead
28:09 Crypt
28:17 Crypt
28:19 Crypt
29:25 Graveyard
31:11 Black Citadel
33:30 Spirit Tower
33:31 Spirit Tower
35:40 Tomb of Relics
» items
| Rod of Necromancy | 1 | |
| Potion of Healing | 3 | |
| Scroll of Town Portal | 2 | |
| Orb of Corruption | 1 | |
7 total

»
SELF-MADE-MAN (
green | 63 APM | 2280 actions | 36:17)
6 Death Knight
3 Death Coil
1 Unholy Aura
1 Death Pact
1 Animate Dead
6 Pit Lord
3 Rain of Fire
2 Cleaving Attack
1 Doom
» actions
| Assign group hotkey | 38 | |
| Basic commands | 3 | |
| Build / train | 54 | |
| Enter build submenu | 16 | |
| Enter hero's abilities submenu | 12 | |
| Give item / drop item | 4 | |
| Right click | 1017 | |
| Select / deselect | 304 | |
| Select group hotkey | 740 | |
| Use ability | 92 | |
2280 total
» units
| Acolyte | 2 | |
| Ghoul | 3 | |
| Goblin Zeppelin | 1 | |
| Goblin Shredder | 1 | |
| Frost Wyrm | 9 | |
16 total
» upgrades
| Creature Attack | 3 | |
| Creature Carapace | 3 | |
| Freezing Breath | 1 | |
7 total
» buildings
| Crypt | 1 | |
| Ziggurat | 7 | |
| Altar of Darkness | 1 | |
| Graveyard | 1 | |
| Halls of the Dead | 1 | |
| Tomb of Relics | 2 | |
| Black Citadel | 1 | |
| Sacrificial Pit | 1 | |
| Necropolis | 1 | |
| Boneyard | 3 | |
19 total
» build order
00:08 Crypt
00:11 Ziggurat
00:34 Altar of Darkness
00:55 Ziggurat
02:18 Graveyard
02:25 Halls of the Dead
02:35 Tomb of Relics
04:03 Ziggurat
04:04 Ziggurat
05:47 Black Citadel
05:51 Sacrificial Pit
06:57 Necropolis
08:16 Boneyard
08:19 Boneyard
15:28 Tomb of Relics
16:08 Ziggurat
16:08 Ziggurat
17:51 Boneyard
23:17 Ziggurat
» items
| Staff of Teleportation | 1 | |
| Dust of Appearance | 1 | |
| Rod of Necromancy | 1 | |
| Scroll of Healing | 5 | |
| Orb of Corruption | 2 | |
| Potion of Healing | 1 | |
| Scroll of Town Portal | 1 | |
| Potion of Mana | 2 | |
14 total

»
guana (
orange | 140 APM | 5077 actions | 36:16)
6 Priestess of the Moon
2 Searing Arrows
3 Trueshot Aura
1 Starfall
» actions
| Assign group hotkey | 44 | |
| Build / train | 91 | |
| ESC pressed | 2 | |
| Enter build submenu | 41 | |
| Enter hero's abilities submenu | 6 | |
| Give item / drop item | 2 | |
| Remove unit from queue | 2 | |
| Right click | 1857 | |
| Select / deselect | 947 | |
| Select group hotkey | 1901 | |
| Use ability | 184 | |
5077 total
» units
| Wisp | 20 | |
| Huntress | 12 | |
| Druid of the Talon | 7 | |
| Dryad | 7 | |
| Druid of the Claw | 4 | |
| Faerie Dragon | 3 | |
| Mountain Giant | 1 | |
54 total
» upgrades
| Strength of the Moon | 1 | |
| Ultravision | 1 | |
| Moon Armor | 1 | |
| Reinforced Hides | 3 | |
| Sentinel | 1 | |
| Druid of the Talon Training | 2 | |
| Strength of the Wild | 2 | |
| Abolish Magic | 1 | |
| Mark of the Talon | 1 | |
| Druid of the Claw Training | 2 | |
| Upgrade Moon Glaive | 1 | |
| Mark of the Claw | 2 | |
18 total
» buildings
| Moon Well | 15 | |
| Altar of Elders | 4 | |
| Hunter's Hall | 1 | |
| Ancient of War | 1 | |
| Ancient of Wonders | 1 | |
| Tree of Ages | 2 | |
| Ancient of Wind | 2 | |
| Ancient of Lore | 1 | |
| Tree of Eternity | 1 | |
| Tree of Life | 6 | |
34 total
» build order
00:27 Moon Well
00:45 Altar of Elders
01:40 Hunter's Hall
01:59 Ancient of War
02:17 Moon Well
02:24 Moon Well
02:34 Ancient of Wonders
03:31 Moon Well
05:14 Tree of Ages
09:29 Ancient of Wind
09:30 Ancient of Wind
11:14 Ancient of Lore
11:40 Tree of Eternity
13:13 Moon Well
14:12 Moon Well
15:25 Moon Well
20:24 Tree of Life
26:10 Altar of Elders
26:35 Altar of Elders
26:40 Moon Well
27:08 Tree of Life
27:18 Moon Well
27:23 Tree of Life
28:40 Moon Well
28:42 Altar of Elders
29:06 Moon Well
30:59 Moon Well
31:12 Tree of Life
31:14 Moon Well
31:29 Moon Well
32:11 Moon Well
32:50 Tree of Life
34:52 Tree of Life
35:55 Tree of Ages
» items
| Rod of Necromancy | 3 | |
| Staff of Preservation | 1 | |
| Scroll of Town Portal | 1 | |
| Potion of Healing | 1 | |
| Potion of Lesser Invulnerability | 1 | |
7 total
team 2 (loser)
Warman_1_ (
teal | 43 APM | 1538 actions | 35:57)
10 Mountain King
3 Storm Bolt
3 Bash
1 Avatar
3 Thunder Clap
» actions
| Assign group hotkey | 25 | |
| Basic commands | 31 | |
| Build / train | 72 | |
| Enter build submenu | 18 | |
| Enter hero's abilities submenu | 10 | |
| Give item / drop item | 1 | |
| Right click | 495 | |
| Select / deselect | 297 | |
| Select group hotkey | 522 | |
| Use ability | 67 | |
1538 total
» units
| Peasant | 8 | |
| Rifleman | 15 | |
| Mortar Team | 3 | |
| Siege Engine | 6 | |
32 total
» upgrades
| Gunpowder | 3 | |
| Armor | 3 | |
| Long Rifles | 1 | |
| Flare | 1 | |
| Fragmentation Shards | 1 | |
| Barrage | 2 | |
| Plating | 2 | |
| Masonry | 1 | |
14 total
» buildings
| Altar of Kings | 1 | |
| Farm | 10 | |
| Blacksmith | 1 | |
| Barracks | 1 | |
| Lumber Mill | 1 | |
| Arcane Vault | 1 | |
| Keep | 1 | |
| Workshop | 1 | |
| Castle | 1 | |
| Town Hall | 1 | |
19 total
» build order
00:44 Altar of Kings
00:58 Farm
01:13 Blacksmith
01:29 Barracks
01:40 Farm
02:04 Lumber Mill
02:20 Farm
02:57 Arcane Vault
03:43 Farm
04:25 Farm
06:00 Keep
06:06 Farm
06:18 Farm
07:01 Farm
07:40 Farm
08:33 Workshop
09:43 Farm
11:54 Castle
31:49 Town Hall
» items
| Scroll of Regeneration | 4 | |
| Lesser Clarity Potion | 1 | |
| Scroll of Town Portal | 5 | |
| Potion of Healing | 2 | |
| Orb of Fire | 1 | |
13 total

»
Koolade (
red | 76 APM | 2715 actions | 35:35)
8 Priestess of the Moon
3 Trueshot Aura
3 Searing Arrows
1 Starfall
1 Scout
» actions
| Assign group hotkey | 41 | |
| Basic commands | 312 | |
| Build / train | 123 | |
| Enter build submenu | 24 | |
| Enter hero's abilities submenu | 8 | |
| Give item / drop item | 1 | |
| Remove unit from queue | 1 | |
| Right click | 1144 | |
| Select / deselect | 452 | |
| Select group hotkey | 522 | |
| Use ability | 87 | |
2715 total
» units
| Wisp | 27 | |
| Huntress | 25 | |
| Druid of the Talon | 4 | |
| Chimaera | 10 | |
| Hippogryph | 26 | |
92 total
» upgrades
| Strength of the Wild | 3 | |
| Reinforced Hides | 2 | |
| Well Spring | 1 | |
| Druid of the Talon Training | 1 | |
| Nature's Blessing | 1 | |
| Corrosive Breath | 1 | |
9 total
» buildings
| Altar of Elders | 1 | |
| Moon Well | 7 | |
| Hunter's Hall | 1 | |
| Ancient of War | 2 | |
| Ancient of Wonders | 2 | |
| Tree of Life | 4 | |
| Tree of Ages | 1 | |
| Ancient Protector | 2 | |
| Ancient of Wind | 2 | |
| Tree of Eternity | 4 | |
| Chimaera Roost | 2 | |
28 total
» build order
00:10 Altar of Elders
00:20 Moon Well
01:47 Hunter's Hall
01:51 Ancient of War
02:07 Moon Well
02:31 Ancient of War
02:48 Moon Well
06:15 Moon Well
06:27 Ancient of Wonders
06:45 Tree of Life
07:43 Tree of Ages
07:46 Ancient Protector
10:43 Ancient of Wind
11:17 Tree of Eternity
11:18 Tree of Eternity
12:13 Moon Well
13:43 Chimaera Roost
13:46 Chimaera Roost
14:12 Moon Well
16:24 Ancient Protector
16:38 Moon Well
18:51 Tree of Life
21:08 Tree of Life
23:22 Tree of Life
29:54 Ancient of Wind
32:10 Ancient of Wonders
» items
| Scroll of Town Portal | 5 | |
| Staff of Preservation | 1 | |
6 total

»
I)ark.Star. (
yellow | 50 APM | 1807 actions | 36:15)
6 Archmage
1 Summon Water Elemental
1 Brilliance Aura
3 Blizzard
1 Mass Teleport
3 Paladin
1 Holy Light
1 Devotion Aura
1 Divine Shield
» actions
| Assign group hotkey | 45 | |
| Build / train | 74 | |
| Enter build submenu | 35 | |
| Enter hero's abilities submenu | 9 | |
| Give item / drop item | 2 | |
| Remove unit from queue | 1 | |
| Right click | 711 | |
| Select / deselect | 390 | |
| Select group hotkey | 460 | |
| Use ability | 80 | |
1807 total
» units
| Peasant | 11 | |
| Footman | 2 | |
| Rifleman | 6 | |
| Gryphon Rider | 11 | |
| Priest | 8 | |
38 total
» upgrades
| Priest Training | 2 | |
| Swords | 2 | |
| Lumber Harvesting | 1 | |
| Armor | 3 | |
| Storm Hammers | 1 | |
| Magic Sentry | 1 | |
10 total
» buildings
| Altar of Kings | 1 | |
| Farm | 12 | |
| Barracks | 1 | |
| Blacksmith | 1 | |
| Arcane Vault | 1 | |
| Scout Tower | 5 | |
| Lumber Mill | 1 | |
| Keep | 2 | |
| Arcane Tower | 1 | |
| Guard Tower | 3 | |
| Castle | 1 | |
| Gryphon Aviary | 3 | |
| Arcane Sanctum | 1 | |
| Town Hall | 5 | |
38 total
» build order
00:08 Altar of Kings
00:24 Farm
01:17 Barracks
01:35 Blacksmith
01:42 Farm
02:19 Farm
03:03 Farm
03:26 Arcane Vault
03:56 Farm
04:15 Scout Tower
04:19 Lumber Mill
04:24 Scout Tower
04:27 Keep
05:12 Arcane Tower
05:20 Farm
05:22 Guard Tower
06:12 Scout Tower
06:20 Scout Tower
06:25 Farm
07:18 Guard Tower
07:24 Farm
07:34 Castle
08:01 Gryphon Aviary
08:04 Gryphon Aviary
08:26 Gryphon Aviary
09:26 Arcane Sanctum
16:00 Farm
16:06 Farm
19:08 Scout Tower
19:19 Farm
19:36 Guard Tower
21:16 Farm
22:55 Town Hall
31:13 Town Hall
31:41 Town Hall
33:32 Town Hall
33:42 Town Hall
» items
| Scroll of Regeneration | 1 | |
| Potion of Healing | 2 | |
| Scroll of Protection | 1 | |
| Scroll of Town Portal | 1 | |
5 total
talonfury (
blue | 47 APM | 1628 actions | 34:54)
7 Blademaster
2 Wind Walk
3 Critical Strike
1 Bladestorm
1 Mirror Image
4 Shadow Hunter
1 Hex
2 Healing Wave
1 Serpent Ward
» actions
| Assign group hotkey | 31 | |
| Basic commands | 23 | |
| Build / train | 72 | |
| Enter build submenu | 27 | |
| Enter hero's abilities submenu | 11 | |
| Give item / drop item | 2 | |
| Remove unit from queue | 2 | |
| Right click | 568 | |
| Select / deselect | 298 | |
| Select group hotkey | 493 | |
| Use ability | 101 | |
1628 total
» units
| Peon | 8 | |
| Grunt | 4 | |
| Goblin Shredder | 1 | |
| Troll Witch Doctor | 11 | |
| Tauren | 11 | |
35 total
» upgrades
| Witch Doctor Training | 2 | |
| Pulverize | 1 | |
| Reinforced Defenses | 1 | |
| Pillage | 1 | |
| Armor | 2 | |
| Melee Weapons | 2 | |
| Spiked Barricades | 1 | |
10 total
» buildings
| Altar of Storms | 1 | |
| Orc Burrow | 7 | |
| Voodoo Lounge | 1 | |
| Barracks | 1 | |
| War Mill | 1 | |
| Stronghold | 1 | |
| Spirit Lodge | 1 | |
| Fortress | 1 | |
| Great Hall | 2 | |
| Tauren Totem | 3 | |
| Watch Tower | 7 | |
26 total
» build order
00:14 Altar of Storms
00:26 Orc Burrow
00:58 Voodoo Lounge
01:24 Barracks
01:57 Orc Burrow
02:17 War Mill
03:05 Stronghold
04:20 Orc Burrow
05:31 Spirit Lodge
06:29 Fortress
06:51 Orc Burrow
08:32 Great Hall
08:54 Tauren Totem
08:56 Tauren Totem
09:12 Tauren Totem
10:52 Watch Tower
10:55 Watch Tower
10:56 Watch Tower
12:52 Orc Burrow
13:40 Watch Tower
13:42 Watch Tower
14:48 Orc Burrow
15:03 Watch Tower
18:39 Watch Tower
19:04 Orc Burrow
23:01 Great Hall
» items
| Healing Salve | 1 | |
| Scroll of Regeneration | 1 | |
| Lesser Clarity Potion | 3 | |
| Potion of Mana | 1 | |
| Periapt of Vitality | 1 | |
| Scroll of Town Portal | 1 | |
| Orb of Lightning | 1 | |
| Tiny Great Hall | 1 | |
10 total
Chat log
(00:09 / Allies) diu_le: sup
(00:14 / Allies) guana: hey
(00:31 / Allies) diu_le: hero/units?
(00:48 / Allies) PulsingHatred: fiends frosts
(00:51 / Allies) guana: potm hunts dots
(01:20 / Allies) diu_le: warden arch
(01:22 / Allies) diu_le: melee later
(03:37 / Allies) PulsingHatred: oj
(03:46 / Allies) PulsingHatred: creep with me please
(04:04 / Allies) guana: cool most people get pissed creeping together
(04:05 / Allies) PulsingHatred: brb
(04:10 / Allies) diu_le: \lol
(04:11 / Allies) PulsingHatred: hold on brb
(04:22 / Allies) PulsingHatred: im foloowing you oj
(04:23 / Allies) PulsingHatred: brb
(05:22 / Allies) diu_le: dust?
(05:34 / Allies) diu_le: wp
(05:39 / Allies) SELF-MADE-MAN: i was afk too lawl
(05:43 / Allies) SELF-MADE-MAN: just barely saw him
(06:02 / Allies) PulsingHatred: take ring or you want my gaunlets?
(06:12 / Allies) guana: go ahead u need them both
(06:18 / Allies) PulsingHatred: goign to get expo
(06:29 / Allies) diu_le: red's chims maybe?
(06:59 / Allies) guana: ill put some owls outs
(07:37 / Allies) PulsingHatred: care everybody
(07:44 / All) SELF-MADE-MAN: does this map remind anybody else of hellfire pensisula in world of clowncraft
(07:53 / All) Koolade: it is
(07:54 / Allies) PulsingHatred: thats the point
(07:58 / All) Koolade: thats what it is
(08:02 / All) Koolade: its outland
(08:04 / All) SELF-MADE-MAN: really?
(08:08 / All) PulsingHatred: duh
(08:09 / All) SELF-MADE-MAN: i didnt know thta
(08:15 / All) PulsingHatred: WoW was based off this game
(09:03 / Allies) diu_le: b
(09:03 / Allies) diu_le: b
(09:07 / All) SELF-MADE-MAN: god dammit ur lucky i was typing
(09:24 / Allies) PulsingHatred: brt
(09:25 / Allies) PulsingHatred: healing
(11:35 / Allies) SELF-MADE-MAN: who needs wood
(12:03 / Allies) diu_le: \who's owl is that
(12:13 / Allies) PulsingHatred: oj
(12:15 / Allies) guana: mine
(12:17 / Allies) diu_le: pl
(12:20 / Allies) diu_le: ok
(13:05 / All) SELF-MADE-MAN: mher
(13:19 / Allies) PulsingHatred: they are goign to try adn split
(13:30 / All) Koolade: I wouldnt have gone in if i knew uwere around
(13:39 / All) Koolade: mher my ass
(13:45 / All) SELF-MADE-MAN: true, but u could have done that to just protect urself from being called mh
(13:54 / All) Koolade: and waste a tp and time?
(14:12 / All) SELF-MADE-MAN: there are some cunning 4v4 players
(14:14 / Allies) PulsingHatred: should we gather for a hit?
(15:39 / Allies) PulsingHatred: oj
(15:44 / All) SELF-MADE-MAN: im not even trying and we're gonna win this lolz
(16:13 / Allies) diu_le: wisp
(16:40 / Allies) PulsingHatred: i got it
(17:35 / Allies) PulsingHatred: wow...
(17:36 / All) SELF-MADE-MAN: leave plz quit lacking manner
(17:37 / Allies) PulsingHatred: i dont have web
(17:47 / Allies) diu_le: rofl
(17:50 / Allies) guana: lujkber?
(18:05 / Allies) guana: ?
(18:19 / All) SELF-MADE-MAN: i am the brother of kodos_forsaken, you will fear my wrath
(19:20 / All) SELF-MADE-MAN: if you need a 4v4rt clan join clan s4s already got 5 top 10 rt players
(20:02 / Allies) SELF-MADE-MAN: b
(20:04 / Allies) SELF-MADE-MAN: loz
(20:11 / Allies) PulsingHatred: hit red
(20:42 / Allies) PulsingHatred: on it
(20:51 / All) SELF-MADE-MAN: how th ehell am i only level 3
(20:56 / Allies) diu_le: ha
(21:28 / Allies) PulsingHatred: here they come
(21:58 / Allies) PulsingHatred: im out
(22:05 / All) SELF-MADE-MAN: that was a rape
(22:17 / All) Warman_1_: Gg
(22:23 / All) SELF-MADE-MAN: u guys just noob aa massers!
(22:25 / All) PulsingHatred: didnt green say...
(22:28 / All) PulsingHatred: we were going to win this?
(22:45 / Allies) diu_le: will tp
(23:38 / Allies) diu_le: brt
(23:57 / Allies) diu_le: coming
(25:06 / All) Koolade: kill that bitch self made
(25:12 / All) SELF-MADE-MAN: it seems
(25:17 / All) SELF-MADE-MAN: my shit talking has caught up to me
(26:50 / Allies) guana: could use some gold if u have
(27:22 / All) SELF-MADE-MAN: abandon ship
(27:28 / Allies) diu_le: yes
(27:42 / Allies) guana: igto starfall
(27:56 / Allies) diu_le: we have expos....
(28:19 / Allies) SELF-MADE-MAN: where ur potm
(28:47 / Allies) diu_le: alone
(29:26 / Allies) diu_le: hit them?
(29:44 / Allies) guana: \more gold?
(30:53 / Allies) guana: gold plz
(31:22 / Allies) SELF-MADE-MAN: i dont know hwer eto hit
(31:35 / Allies) PulsingHatred: green coil my dk?
(31:45 / Allies) SELF-MADE-MAN: why are u running its just teals mk
(31:56 / Allies) PulsingHatred: i was runing to you but then you ran back
(32:02 / Allies) SELF-MADE-MAN: i was low on mana
(32:09 / All) SELF-MADE-MAN: should have got an expo
(32:11 / All) SELF-MADE-MAN: gentlemen
(32:13 / Allies) PulsingHatred: lets go bnack
(32:16 / Allies) diu_le: shop
(33:43 / Allies) PulsingHatred: green coil me
(34:42 / All) SELF-MADE-MAN: GGG LALW
(34:43 / Allies) diu_le: woa
(34:48 / All) SELF-MADE-MAN: CANT BELIEVE WE WON
(34:49 / All) PulsingHatred: yall niggas suck
(34:56 / Allies) diu_le: lol
(34:59 / All) SELF-MADE-MAN: IM UPLOADING THIS LOLZ
(35:00 / All) Warman_1_: yes they do
(35:02 / All) SELF-MADE-MAN: JOIN CLAN S4S
(35:07 / All) Koolade: u suck u fucking ran off
(35:30 / All) SELF-MADE-MAN: I think purple will get top score cuz of expos
(35:31 / All) PulsingHatred: suck dick
(35:37 / All) Warman_1_: ?
(35:40 / All) diu_le: gg lol
(35:47 / All) diu_le: ha prolly
(35:50 / All) SELF-MADE-MAN: I WASNT EVEN TRYING lolz
(35:51 / All) Warman_1_: my team had down syndrome
(35:57 / All) SELF-MADE-MAN: yes they dd
(35:58 / All) PulsingHatred: teal your awful
(36:14 / Allies) PulsingHatred: purp i need